 Dungeon Crawl Stone Soup version 0.19-a0-1870-gc32fe5a (webtiles) character file.

1720 Psiweapon the Basher (level 8, -3/65 HPs)
             Began as a Mummy Chaos Knight on Oct 13, 2016.
             Slain by an ogre
             ... wielding a +0 giant spiked club
              (13 damage)
             ... on level 7 of the Dungeon.
             The game lasted 00:19:02 (3651 turns).

Psiweapon the Basher (Mummy Chaos Knight)           Turns: 3651, Time: 00:19:03

Health: -3/65      AC:  7    Str: 17    XL:     8   Next: 75%
Magic:  8/8        EV: 10    Int: 17    God:    Xom [.*....]
Gold:   332        SH:  0    Dex: 11    Spells: 1 memorised, 2 levels left

rFire  x . .     SeeInvis .     a - +0 mace (chaos)
rCold  + . .     Gourm    .     c - +0 ring mail (curse)
rNeg   + + +     Faith    .     (no shield)
rPois  ∞         Spirit   .     r - +0 helmet
rElec  .         Dismiss  .     (no cloak)
rCorr  .         Reflect  .     (no gloves)
MR     +....     Harm     .     (no boots)
Stlth  +.........               s - amulet of regeneration
                                (no ring)
                                w - +5 ring of intelligence

@: no status effects
A: no food or potions, fire vulnerability, cold resistance 1, negative energy
resistance 3, torment resistance, unbreathing
a: Renounce Religion


You were on level 7 of the Dungeon.
You worshipped Xom.
You were a plaything of Xom.
You were not hungry.

You visited 1 branch of the dungeon, and saw 7 of its levels.

You collected 332 gold pieces.

Inventory:

Hand Weapons
 a - a +0 mace of chaos (weapon)
 b - a +1 arbalest
 d - a cursed +0 dagger
 p - a +0 hunting sling
Missiles
 g - 14 sling bullets
 o - 44 bolts
Armour
 c - a cursed +0 ring mail (worn)
 f - a +0 chain mail
 h - a +0 chain mail
 q - a +2 animal skin
 r - a +0 helmet (worn)
 v - a +3 leather armour
Jewellery
 j - an uncursed amulet of magic regeneration
 s - an amulet of regeneration (around neck)
 w - a +5 ring of intelligence (left hand)
Wands
 u - a wand of polymorph (22/24)
Scrolls
 e - 2 scrolls of recharging
 i - 2 scrolls of fog
 k - a scroll of remove curse
 l - 2 scrolls of teleportation
 m - 4 scrolls of identify
 n - a scroll of fear
 x - a scroll of immolation
Books
 t - a book of Fire

   Spells                             Type                      Level
   a - Ignite Poison                  Fire/Transmutation/Poison    3
   b - Fireball                       Conjuration/Fire             5
   c - Bolt of Fire                   Conjuration/Fire             6
   d - Delayed Fireball               Conjuration/Fire             7
   e - Ring of Flames                 Charms/Fire                  7


   Skills:
 - Level 6.4 Fighting
 - Level 8.9 Maces & Flails
 + Level 2.0 Crossbows
 + Level 4.3 Armour
 - Level 0.7 Dodging


You had 2 spell levels left.
You knew the following spells:

 Your Spells              Type           Power        Failure   Level  Hunger
a - Fireball              Conj/Fire      #.........   100%        5    N/A

Dungeon Overview and Level Annotations

Branches:
Dungeon (7/15)
 Temple: D:4-7

Altars:
Ashenzari
Okawaru
Xom

Shops:
D:6 [

Annotations:
D:3 exclusion: downstairs


Innate Abilities, Weirdness & Mutations

You do not eat or drink.
Your flesh is vulnerable to fire.
You are immune to poison.
Your flesh is cold resistant. (rC+)
You are immune to negative energy. (rN+++)
You are immune to unholy pain and torment.
You can survive without breathing.


Message History

a - a +0 mace of chaos (weapon)
The bullfrog skeleton hits you.
The ogre hits you with a giant spiked club!!
* * * LOW HITPOINT WARNING * * *
You sock the ogre!
You kill the ogre!
Your Crossbows skill increases to level 2!
You are now a plaything of Xom.
The bullfrog skeleton hits you but does no damage.
You sock the ogre!
The ogre is moderately wounded.
The bullfrog skeleton hits you.
* * * LOW HITPOINT WARNING * * *
The ogre barely misses you.
The bullfrog skeleton hits you but does no damage.
You hit the ogre.
You feel better.
The ogre is moderately wounded.
The ogre hits you with a giant spiked club!
You die...
Xom roars with laughter!

.h.... .....#
.....##
.<.(... ..(..
## H.!#
#..##Z..#
#..O@)..#
#?......#
#.......#
#......##
........#
..........
............
..........#..


You could see a hippogriff, an ogre, a jackal (wandering) and a bullfrog
skeleton.

Vanquished Creatures
  Grinder (D:3)
  A hippogriff (D:6)
  Eustachio (D:6)
  Duvessa (D:6)
  An ice beast (D:3)
  2 ogres
  The ghost of drd the Chopper, an amateur DsBe of Trog (D:3)
  2 bullfrogs (D:6)
  Dowan (D:6)
  3 howler monkeys
  5 hounds
  Ijyb (D:3)
  An iguana (D:6)
  A worker ant (D:4)
  A hound zombie (D:6)
  A hound skeleton (D:3)
  Robin (D:2)
  4 adders
  An adder zombie (D:3)
  2 adder skeletons
  4 worms
  A dart slug (D:1)
  4 leopard geckos
  4 orcs (D:3)
  15 goblins
  14 hobgoblins
  2 quokkas
  A ball python (D:2)
  12 bats
  2 frilled lizards
  7 kobolds
  A quokka zombie (D:6)
  7 rats
106 creatures vanquished.

Vanquished Creatures (collateral kills)
  An orc wizard (D:3)
  A hound skeleton (D:3)
  A leopard gecko (D:3)
  2 orcs (D:3)
  A quokka zombie (D:3)
6 creatures vanquished.

Vanquished Creatures (others)
  A fungus (D:6)
  A plant (D:6)
2 creatures vanquished.

Grand Total: 114 creatures vanquished

Notes
Turn   | Place    | Note
-------+----------+-------------------------------------------
     0 | D:1      | Psiweapon the Mummy Chaos Knight began the quest for the Orb.
     0 | D:1      | Reached XP level 1. HP: 18/18 MP: 1/1
   112 | D:2      | Reached XP level 2. HP: 18/24 MP: 2/2
   317 | D:3      | Noticed Ijyb
   322 | D:3      | XOM: potion effect (experience)
   322 | D:3      | Reached skill level 6 in Maces & Flails
   322 | D:3      | Reached XP level 3. HP: 35/35 MP: 3/3
   333 | D:3      | Killed Ijyb
   333 | D:3      | Reached XP level 4. HP: 41/41 MP: 4/4
   358 | D:5      | Entered Level 5 of the Dungeon
   379 | D:4      | XOM: potion effect (invisibility)
   380 | D:4      | XOM: potion effect (might)
   388 | D:4      | XOM: silly message
   567 | D:2      | XOM: divination: magic mapping
   573 | D:2      | Reached skill level 7 in Maces & Flails
   673 | D:1      | XOM: divination: magic mapping
   695 | D:2      | XOM: divination: detect creatures
   836 | D:2      | Reached XP level 5. HP: 45/47 MP: 5/5
   893 | D:4      | Noticed a phantom
   893 | D:4      | XOM: potion effect (heal wounds)
   894 | D:4      | XOM: confuse monster(s)
   970 | D:1      | XOM: summons 4 hostile shadow creatures
  1158 | D:1      | XOM: 5-stop teleportation journey
  1368 | D:1      | XOM: scenery: 1 doors close
  1411 | D:1      | XOM: god gift: bread ration
  1605 | D:2      | XOM: scenery: create altars
  1693 | D:2      | XOM: 3-stop teleportation journey
  1902 | D:2      | Noticed Robin
  1910 | D:2      | Killed Robin
  2218 | D:3      | Noticed drd's ghost (amateur DsBe)
  2238 | D:3      | Killed drd's ghost
  2238 | D:3      | Reached XP level 6. HP: 33/53 MP: 6/6
  2311 | D:3      | XOM: summons 6 friendly demons
  2431 | D:3      | Noticed Grinder
  2431 | D:3      | XOM: fog
  2435 | D:3      | XOM: scenery: 1 doors close
  2440 | D:3      | XOM: cleaving
  2443 | D:3      | Paralysed by Grinder for 6 turns
  2448 | D:3      | XOM: cleaving
  2453 | D:3      | Killed Grinder
  2453 | D:3      | Reached XP level 7. HP: 42/59 MP: 7/7
  2493 | D:3      | Reached skill level 8 in Maces & Flails
  2669 | D:6      | XOM: stealth player
  2690 | D:6      | XOM: enchant monster (good)
  2789 | D:6      | Learned a level 5 spell: Fireball
  2873 | D:6      | Found Xasiuk's Armour Shop.
  2905 | D:6      | Found an iron altar of Okawaru.
  2905 | D:6      | Noticed Duvessa
  2905 | D:6      | Noticed Dowan
  2906 | D:6      | Noticed a hippogriff
  2921 | D:6      | Killed Duvessa
  2921 | D:6      | Reached XP level 8. HP: 64/65 MP: 8/8
  2924 | D:6      | XOM: divination: detect creatures
  2930 | D:6      | Killed Dowan
  2940 | D:6      | XOM: cast spell 'Leda's Liquefaction'
  2941 | D:6      | XOM: divination: detect items
  2943 | D:6      | XOM: mild Chrm miscast
  2961 | D:6      | Killed a hippogriff
  3058 | D:6      | Found a shattered altar of Ashenzari.
  3062 | D:6      | Saw a vision of the Swamp and the Spider Nest.
  3062 | D:6      | Noticed a hornet
  3062 | D:6      | Noticed an alligator
  3062 | D:6      | Noticed an alligator
  3063 | D:6      | Noticed a wolf spider
  3065 | D:6      | Noticed an alligator
  3065 | D:6      | Noticed a hornet
  3066 | D:6      | Noticed an alligator
  3066 | D:6      | Noticed a hornet
  3075 | D:6      | Noticed Eustachio
  3081 | D:6      | XOM: enchant monster (good)
  3085 | D:6      | XOM: confuse monster(s)
  3128 | D:6      | Reached skill level 1 in Crossbows
  3143 | D:6      | XOM: silly message
  3581 | D:6      | Killed Eustachio
  3644 | D:7      | Noticed a hippogriff
  3651 | D:7      | Slain by an ogre

Vault maps used:
D:1:      roderic_crossed_star
D:2:      minmay_tetromino_s4, uniq_robin
D:3:      first_bread, serial_undead, serial_undead_f, serial_undead_b,
          serial_undead_f, serial_undead_c, patterned_corridor, uniq_iyjb,
          uniq_grinder
D:4:      minmay_goblin_kobold_castle, kiku_gazebo_garden_becter, uniq_edmund
D:6:      kennysheep_little_box, serial_shops, nicolae_shop_crystal,
          grunt_ashenzari_visionary, uniq_duvessa, uniq_eustachio
D:7:      minitemple, uniq_menkaure

Skill      XL: |  1  2  3  4  5  6  7  8 |
---------------+-------------------------+-----
Fighting       | 6 |  6.4
Maces & Flails | 6 7 8 |  8.9
Armour         | 2 3 4 |  4.3
Crossbows      | 2 |  2.0
Dodging        | |  0.7

Action                   |  1- 3 |  4- 6 |  7- 9 || total
-------------------------+-------+-------+-------++-------
Melee: Mace              |    40 |   247 |   157 ||   444
 Fire: Arbalest          |       |       |    18 ||    18
  Use: Scroll            |       |     2 |     9 ||    11
 Stab: Petrified         |       |       |     2 ||     2
       Petrifying        |       |       |     1 ||     1
Armor: Chain mail        |    29 |   165 |   115 ||   309
       Ring mail         |       |       |     3 ||     3
       Leather armour    |       |       |     1 ||     1
Dodge: Dodged            |    14 |    90 |    63 ||   167
